 Dungeon Sprint DCSS version 0.21.0-37-g46506fa (webtiles) character file.

5 Azzok the Shooter (level 1, 0/19 HPs)
             Began as a Minotaur Hunter on Jan 30, 2018.
             Was a Believer of the Shining One.
             Slain by a draconian (6 damage)
             ... in the Dungeon (Sprint V: "Ziggurat Sprint").
             The game lasted 00:03:19 (122 turns).

Azzok the Shooter (Minotaur Hunter)                  Turns: 122, Time: 00:03:19

Health: 0/19       AC: 17    Str: 28    XL:     1   Next: 66%
Magic:  0/0        EV:  5    Int:  8    God:    the Shining One [**....]
Gold:   0          SH:  0    Dex: 10    Spells: 0/0 levels left

rFire    + . .     SeeInvis +   F - +9 heavy crossbow "Sniper" {velocity, Acc+∞ SInv}
rCold    + . .     Gourm    .   (shield currently unavailable)
rNeg     + . .     Faith    .   I - +5 gold dragon scales
rPois    +         Spirit   .   (helmet restricted)
rElec    .         Reflect  .   (no cloak)
rCorr    .         Harm     .   (no gloves)
MR       .....     NoTele   +   (no boots)
Stlth    ..........             (no amulet)
HPRegen  0.06/turn              C - +6 ring of strength
MPRegen  0.07/turn              D - +6 ring of strength

@: glowing
A: retaliatory headbutt, horns 2
a: Divine Shield, Renounce Religion


You were in the Dungeon.
You worshipped the Shining One.
The Shining One was pleased with you.
You were not hungry.

You visited 1 branch

Inventory:

Hand Weapons
 F - the +9 heavy crossbow "Sniper" (weapon) {velocity, Acc+∞ SInv}
   (You found it in the Dungeon)

   Any bolt fired from it inflicts extra damage.
   It lets you see invisible.
 G - the +8 lance "Wyrmbane" {slay drac, rPois rF+ rC+ AC+3}
   (You found it in the Dungeon)

   It affects your AC (+3).
   It protects you from fire.
   It protects you from cold.
   It protects you from poison.
 H - the +0 sword of Power
   (You found it in the Dungeon)
Missiles
 c - 997 bolts (quivered)
 d - 1020 arrows
Armour
 I - +5 gold dragon scales (worn)
Jewellery
 y - a +6 ring of dexterity
 z - a +6 ring of dexterity
 A - a +6 ring of intelligence
 B - a +6 ring of intelligence
 C - a +6 ring of strength (left hand)
 D - a +6 ring of strength (right hand)
Wands
 v - a wand of disintegration (7)
 w - a wand of iceblast (7)
 x - a wand of acid (7)
Scrolls
 a - 4 scrolls of amnesia
 b - 7 scrolls of fog
 k - 4 scrolls of blinking
 l - a scroll of holy word
 m - 5 scrolls of identify
 n - 5 scrolls of remove curse
 o - 2 scrolls of fear
Potions
 e - 10 potions of curing
 g - 10 potions of heal wounds
 h - 6 potions of haste
 i - 7 potions of magic
 j - 3 potions of berserk rage
 p - 2 potions of brilliance
 q - 2 potions of invisibility
 r - 4 potions of resistance
 s - a potion of experience
 t - 5 potions of agility
 u - 5 potions of might
Miscellaneous
 E - a lightning rod (4/4)
Comestibles
 f - 7 rations


   Skills:
 + Level 3.4 Fighting
   Level 4.3 Bows
 * Level 2.9 Crossbows
 - Level 2.1 Dodging
 - Level 0.7 Stealth


You couldn't memorise any spells.
You didn't know any spells.

Dungeon Overview and Level Annotations

Branches:
Dungeon (1/1)

Altars:
Ashenzari
Cheibriados
Dithmenos
Elyvilon
Fedhas
Gozag
Hepliaklqana
Kikubaaqudgha
Makhleb
Nemelex Xobeh
Okawaru
Qazlal
Ru
Sif Muna
Trog
Uskayaw
Vehumet
Wu Jian
Xom
Yredelemnul
Zin
The Shining One
Beogh
Jiyva
Lugonu

Annotations:
D 1 transporter


Innate Abilities, Weirdness & Mutations

You reflexively headbutt those who attack you in melee.
You have a pair of horns on your head.


Message History

Press: ? - help, Shift-Dir - straight line, f/p - draconian
Aim: a draconian, wielding a club (lightly wounded, haloed)
You shoot a bolt. The bolt hits the draconian.
The draconian is moderately wounded.
The draconian hits you with a club.
The draconian hits you but does no damage. x2
The draconian completely misses you. You furiously retaliate!
You headbutt the draconian, but do no damage.
The draconian hits you but does no damage.
Firing (i - inventory):
c - 998 bolts (quivered)
Press: ? - help, Shift-Dir - straight line, f/p - draconian
Aim: a draconian, wielding a club (moderately wounded, haloed)
You shoot a bolt. The bolt hits the draconian!!
The draconian is severely wounded.
The draconian hits you but does no damage.
The draconian barely misses you. The draconian hits you!
The draconian barely misses you. The draconian hits you with a club.
* * * LOW HITPOINT WARNING * * *
The draconian hits you.
You die...

▓▓▓▓▓▓▓▓▓▓▓▓▓
▓·8©8·▓·8©8·▓
▓·:)[·▓·····▓
▓·····▓·}·[·▓
▓·····▓·····▓
▓·····▓·····▓
▓·dd··▓··©··▓
▓··@d·▓▓▓▓▓▓▓
▓▓▓▓▓▓▓


You could see 3 draconians.

Vanquished Creatures
  An adder zombie (D)
  A bat skeleton (D)
2 creatures vanquished.

Notes
Turn   | Place    | Note
-------+----------+-------------------------------------------
     0 | D        | Found the +6 Majin-Bo {vamp, Archmagi MP+6 Int+6}
     0 | D        | Found the +7 great mace "Firestarter" {inner flame, rF++}
     0 | D        | Azzok the Minotaur Hunter began the quest for the Orb.
     0 | D        | Reached XP level 1. HP: 18/18 MP: 0/0
     3 | D        | Found a blossoming altar of Fedhas.
     4 | D        | Found a viscous altar of Jiyva.
     4 | D        | Found a transporter.
     4 | D        | Found a hazy altar of Hepliaklqana.
     4 | D        | Found an ancient bone altar of Kikubaaqudgha.
     4 | D        | Found an opulent altar of Gozag.
     4 | D        | Found a corrupted altar of Lugonu.
     5 | D        | Found a burning altar of Makhleb.
     6 | D        | Found a sacrificial altar of Ru.
     6 | D        | Found a deep blue altar of Sif Muna.
     6 | D        | Found a stormy altar of Qazlal.
     6 | D        | Found a bloodstained altar of Trog.
     6 | D        | Found an iron altar of Okawaru.
     6 | D        | Found a sparkling altar of Nemelex Xobeh.
    25 | D        | Found the +9 heavy crossbow "Sniper" {velocity, Acc+∞ SInv}
    25 | D        | Found the +10 dark maul {crush}
    25 | D        | Found the +15 Maxwell's patent armour {-Cast -Tele rElec MR+ rCorr}
    25 | D        | Found the +18 shield of the Gong {rElec rN+ MR+ EV-5}
    25 | D        | Found the cursed +14 obsidian axe {chop, +Fly SInv *Curse}
    27 | D        | Found the +6 shillelagh "Devastator" {shatter}
    27 | D        | Found the +11 plutonium sword {*Contam Stlth-}
    27 | D        | Found the +8 lance "Wyrmbane" {slay drac, rPois rF+ rC+ AC+3}
    27 | D        | Found the +9 sword of Zonguldrok {reap}
    27 | D        | Found the cursed +13 scythe of Curses {drain, *Curse}
    27 | D        | Found the +0 sword of Power
    27 | D        | Found the -1 mace of Variability {chaos}
    27 | D        | Found the +7 Singing Sword
    27 | D        | Found the +7 longbow "Piercer" {penet, EV-2}
    94 | D        | Became a worshipper of the Shining One
   108 | D        | Entered arena 2.
   108 | D        | Reached * piety under the Shining One
   108 | D        | Found a transporter.
   109 | D        | Reached skill level 1 in Crossbows
   119 | D        | Entered arena 3.
   119 | D        | Noticed a draconian
   119 | D        | Reached ** piety under the Shining One
   119 | D        | Noticed a draconian
   119 | D        | Noticed a draconian
   119 | D        | Found a transporter.
   122 | D        | Slain by a draconian

Skill      XL: |  1 |
---------------+----+-----
Crossbows      | 2 |  2.9
Fighting       | 3 |  3.4
Bows           | |  4.3
Dodging        | |  2.1
Stealth        | |  0.7

Action                   || total
-------------------------++-------
 Fire: Heavy crossbow    ||     5
Armor: Gold dragon scale ||     5
Dodge: Dodged            ||     5
